 Dungeon Crawl Stone Soup version 0.22.1-1-ga44c0e5 (webtiles) character file.

44 Fang the Skirmisher (level 3, 0/24 HPs)
             Began as a Gargoyle Berserker on Oct 23, 2018.
             Was a Believer of Trog.
             Slain by a jackal (1 damage)
             ... on level 2 of the Dungeon.
             The game lasted 00:02:22 (1017 turns).

Fang the Skirmisher (Gargoyle Berserker)            Turns: 1017, Time: 00:02:23

Health: 0/24       AC:  5    Str: 21    XL:     3   Next: 62%
Magic:  10/12      EV: 12    Int:  7    God:    Trog [**....]
Gold:   56         SH:  0    Dex:  9    Spells: 2/2 levels left

rFire    . . .     SeeInvis .   a - +0 hand axe
rCold    . . .     Gourm    .   (no shield)
rNeg     + . .     Faith    .   b - +0 animal skin
rPois    ∞         Spirit   .   (no helmet)
rElec    +         Reflect  .   (no cloak)
rCorr    .         Harm     .   (no gloves)
MR       .....                  (no boots)
Stlth    ..........             (no amulet)
HPRegen  0.08/turn              n - ring of attention (curse)
MPRegen  0.13/turn              f - ring of magical power

@: berserk cooldown, slowed, very slow
A: negative energy resistance 1, electricity resistance, unbreathing,
petrification resistance, rot immunity, AC +3
a: Berserk, Trog's Hand, Renounce Religion


You were on level 2 of the Dungeon.
You worshipped Trog.
Trog was pleased with you.
You were very hungry.

You visited 1 branch of the dungeon, and saw 2 of its levels.

You collected 56 gold pieces.

Inventory:

Hand Weapons
 a - a +0 hand axe (weapon)
Armour
 b - a +0 animal skin (worn)
Jewellery
 e - an uncursed ring of poison resistance
 f - a ring of magical power (right hand)
 n - a cursed ring of attention (left hand)
Scrolls
 d - 2 scrolls of identify {unknown}
 h - 4 scrolls of teleportation {unknown}
 i - a scroll of magic mapping {unknown}
Potions
 g - a potion of curing {unknown}
 j - a potion of invisibility {unknown}
 k - a potion of might {unknown}
 l - a potion of flight {unknown}
 m - a potion of cancellation {unknown}
 o - 2 potions of heal wounds {unknown}
Comestibles
 c - a ration


   Skills:
 + Level 3.6 Fighting
 + Level 3.4 Axes
 + Level 2.4 Armour
 + Level 2.0 Dodging
 + Level 0.2 Stealth


You had 2 spell levels left.
You didn't know any spells.
Your spell library was empty.

Dungeon Overview and Level Annotations

Branches:
Dungeon (2/15)

Altars:


Innate Abilities, Weirdness & Mutations

You are resistant to torment.
Your stone body is resilient. (AC +3)
You are immune to poison.
You resist negative energy. (rN+)
You are resistant to electric shocks. (rElec)
You can survive without breathing.
You are immune to petrification.
You are immune to rotting.


Message History

You kill the leopard gecko!
Trog accepts your kill.
You closely miss the bat. You barely miss the goblin.
You barely miss the jackal. You hit the rat.
You kill the rat!
Trog accepts your kill.
You hit the jackal.
You kill the jackal!
Trog accepts your kill. The bat barely misses you.
The jackal bites you but does no damage.
The goblin hits you but does no damage. The jackal misses you.
The goblin hits you but does no damage. The bat closely misses you.
The jackal bites you.
* * * LOW HITPOINT WARNING * * *
Unknown command.
The bat closely misses you. The jackal barely misses you. The goblin hits you.
* * * LOW HITPOINT WARNING * * *
The jackal bites you.
You die...

#############
............#
............#
...........$#
............#
....>.......#
.........†..##########
####.†h@)..##......#
#..wbg.).....####.#
........#.##..###....#
(....####.###..##..#######
..... ..................
.... ...#.<.....).......
... #.###...##..........
... .$ #..###..........
#.. ................


You could see a worm, a jackal, a goblin and a bat.

Vanquished Creatures
  An adder (D:2)
  An ooze (D:2)
  A leopard gecko (D:2)
  2 bats (D:1)
  A giant cockroach (D:1)
  3 goblins (D:1)
  7 hobgoblins
  2 jackals (D:2)
  6 kobolds
  A ball python (D:1)
  2 frilled lizards
  A rat (D:2)
28 creatures vanquished.

Notes
Turn   | Place    | Note
-------+----------+-------------------------------------------
     0 | D:1      | Fang the Gargoyle Berserker began the quest for the Orb.
     0 | D:1      | Reached XP level 1. HP: 14/14 MP: 1/1
   320 | D:1      | Reached XP level 2. HP: 14/19 MP: 2/2
   968 | D:2      | Reached XP level 3. HP: 20/23 MP: 3/3
  1010 | D:2      | Reached ** piety under Trog
  1017 | D:2      | HP: 1/24 [goblin (3)]
  1017 | D:2      | Slain by a jackal

Skill      XL: |  1  2  3 |
---------------+----------+-----
Axes           | 3 |  3.4
Dodging        | 2 |  2.0
Fighting       | |  3.6
Armour         | |  2.4
Stealth        | |  0.2

Action                   || total
-------------------------++-------
Melee: Hand axe          ||    83
Invok: Berserk           ||     1
Armor: Animal skin       ||    43
Dodge: Dodged            ||    92
